← All builds
Suicide front / Armada / Factory first / OBSERVED BUILD

Standard suicide front

Armada Suicide front build order · Supreme Isthmus

The role's baseline: Bot Lab at 0:21 then straight into reclaim-fed T1 bot production to contest the middle and hold until T2 arrives, with an Advanced Metal Extractor around 9:45.

#rush · 2188 distinct matches · 253 players · 72% of Armada Suicide front games · team won 58% of 2574 · Recently observed

HOW TO PLAY IT

Key timing: Bot Lab by 0:20

  1. Open with mex and lab-first to get Bot Lab up by 0:20.
  2. Expand mex and wind while lab pumps units toward middle.
  3. Push Sentry and early Rocketeer, Centurion to contest middle.
  4. Get T2 constructor out once Pond's boost lets you spare metal.
  5. Upgrade mex to Advanced Metal Extractor as you transition off T1 spam.

Phase by phase

TYPICAL OF ITS 2188 GAMES
  1. 1
  2. 2
  3. 3
PLAY THE OPENING

Follow the example game's first 6:00 step by step: what to build now, what comes next, and where it goes. At 1× it keeps pace with your own game.

  1. 1

    Bot Lab first

    Order
    1. Bot LabBot Lab done ~0:26, middle half 0:20–0:33

    Some games also: mex (46%)

  2. 2

    Bot Lab to 5:00

    Economy
    • Metal Extractor5Mex
    • Wind Turbine4Wind
    Builders
    • Construction Bot3 Con bot
    • Lazarus2 Lazarus
    Army
    • Sentry4 Sentry
    • Rocketeer16 Rocketeer
    • Tick2 Tick
    • Centurion1 Centurion
    Other
    • Radar Tower1 Radar Tower

    Some games also: pawn (39%) · con turret (34%)

    By 5:00 in all: 5 mex · 4 wind

    The example game in this phase · 28 steps
    1. TickTick
    2. Wind
    3. TickTick
    4. LazarusLazarus ×2
    5. PawnPawn ×3
    6. Construction BotCon bot ×2
    7. Mex
    8. CenturionCenturion
    9. SentrySentry
    10. Mex
    11. CenturionCenturion
    12. Radar TowerRadar Tower
    13. Construction BotCon bot
    14. RocketeerRocketeer ×3
    15. Mex
    16. RocketeerRocketeer
    17. SentrySentry
    18. RocketeerRocketeer
    19. SentrySentry
    20. RocketeerRocketeer ×2
    21. BeamerBeamer
    22. RocketeerRocketeer ×3
    23. LazarusLazarus
    24. RocketeerRocketeer ×3
    25. BeamerBeamer
    26. RocketeerRocketeer ×2
    27. Construction BotCon bot
    28. RocketeerRocketeer
  3. 3

    5:00 to 10:00

    Economy
    • Metal Extractor1Mex
    • Wind Turbine15Wind
    Builders
    • Construction Turret2 Con turret
    • Lazarus2 Lazarus
    • Construction Bot1 Con bot
    Army
    • Sentry1 Sentry
    • Rocketeer8 Rocketeer

    Some games also: pawn (48%) · Radar Tower (46%) · centurion (43%) · tick (43%) · energy storage (42%) · eat Bot Lab (31%)

    By 10:00 in all: 6 mex · 21 wind · 1 energy storage · 2 con turret

    The example game in this phase · 37 steps
    1. Con turret
    2. RocketeerRocketeer ×3
    3. SentrySentry
    4. OverwatchOverwatch
    5. RocketeerRocketeer
    6. Mex ×2
    7. RocketeerRocketeer
    8. GauntletGauntletdone 8:47
    9. RocketeerRocketeer ×2
    10. Wind
    11. RocketeerRocketeer
    12. Wind
    13. RocketeerRocketeer
    14. Wind ×7
    15. Sneaky PeteSneaky Pete
    16. Wind ×3
    17. Con turret
    18. Wind
    19. BeamerBeamer
    20. Con turret
    21. Wind ×2
    22. BeamerBeamer
    23. Wind ×3
    24. Con turret
    25. Wind
    26. NettleNettle
    27. Con turret
    28. Wind
    29. Energy storage
    30. Wind
    31. Con turret
    32. Wind ×6
    33. Mex
    34. Wind
    35. Advanced Bot LabAdvanced Bot Labdone 14:53
    36. Dragon's TeethDragon's Teeth ×2
    37. Advanced Construction BotT2 con bot

Counts are medians over the build's games: half of them build more, half fewer. The example game is Guhhh's (31 OS, 15/10/2026); pick another.

Team trades

IN AT LEAST 30% OF ITS GAMES

You hand over

Nothing regular.

You get

  • Tidal Generator4 Tidal from Pondfirst at 0:11 · in 68% of games
  • Advanced Construction Bot1 T2 con bot from Geo or Techfirst at 7:45 · in 57% of games

How it plays out

Typical game of this build, running totals by minute

Metal produced

010k20k
0:005:0010:0015:00

metal

Enemy metal destroyed

05k10k
0:005:0010:0015:00

metal

Own metal lost

05k10k
0:005:0010:0015:00

metal

2574 games.

Show as table
ByMetal produced: This buildEnemy metal destroyed: This buildOwn metal lost: This build
1:0023000
2:0088700
3:002005192130
4:003109646504
5:0041881357992
6:00535322001684
7:00654930692561
8:00775539443460
9:00903147154347
10:001039553355134
11:001184558815911
12:001352964326644
13:001534568937417
14:001723775248200
15:001917981468971
WHAT THE NUMBERS SAY

Standard Suicide front play wins a bit over half its games while taking the heaviest own losses of any role by 15:00.

  • + Produces 20142 metal by 15:00, highest of the front roles.
  • + First kill by 2:01 in all games, fastest contest of middle.
  • − Own metal lost hits 9178 by 15:00, more than enemy metal destroyed.
  • − Only 34% Rocketeer share shows army spread thin across many bot types.
THE EXAMPLE YOU ARE READING

Guhhh

30.7 OS · 15/10/2026

Open source match ↗

16 received units
344 metal received · 52327 energy received

Allied construction assistance is unknown. Timings are observations, not a promise of solo reproducibility.

Typical milestones

Bot Lab0:26Middle 50%: 0:20–0:33 · n=2565
Advanced Metal Extractor9:48Middle 50%: 8:52–11:00 · n=1843

Played most by

_X_265games of this buildPlatinumBlonde188games of this buildXad165games of this buildTrapCaT111games of this buildImmort80games of this build